 Dungeon Crawl Stone Soup version 0.18-a0-1782-gb76a692 (webtiles) character file.

11 namelastname112 the Vexing (level 2, -2/23 HPs)
             Began as a Draconian Arcane Marksman on Apr 17, 2016.
             Slain by a gnoll
             ... wielding a +0 club
              (7 damage)
             ... on level 1 of the Dungeon.
             The game lasted 00:00:40 (437 turns).

namelastname112 the Vexing (DrAM)                    Turns: 437, Time: 00:00:41

Health: -2/23      AC:  4    Str: 13    XL:     2   Next: 13%
Magic:  12/12      EV: 12    Int: 13    God:
Gold:   20         SH:  0    Dex: 10    Spells: 1 memorised, 2 levels left

rFire  . . .     SeeInvis .     a - +0 hand crossbow
rCold  . . .     Gourm    .     (armour unavailable)
rNeg   . . .     Faith    .     (no shield)
rPois  .         Spirit   .     (helmet restricted)
rElec  .         Dismiss  .     (no cloak)
rCorr  .         Reflect  .     (no gloves)
SustAt .         Harm     .     (no boots)
MR     .....                    (no amulet)
Stlth  +.........               (no ring)
                                j - ring of magical power

@: not resistant to hostile enchantments, very unstealthy
A: unfitting armour, cold-blooded, AC +4
a: no special abilities


You were on level 1 of the Dungeon.
You were not hungry.

You visited 1 branch of the dungeon, and saw 1 of its levels.

You collected 20 gold pieces.

Inventory:

Hand Weapons
 a - a +0 hand crossbow (weapon)
 e - a +0 dagger
Missiles
 c - 39 bolts (quivered)
Jewellery
 j - a ring of magical power (left hand)
Scrolls
 f - a scroll of magic mapping {unknown}
 h - a scroll of remove curse {unknown}
 i - a scroll of identify {unknown}
 k - a scroll of noise {unknown}
 l - a scroll of teleportation {unknown}
 m - a scroll of enchant armour {unknown}
Potions
 g - a potion of curing {unknown}
Books
 b - a book of Debilitation

   Spells                             Type                      Level
   a - Corona                         Hexes                        1
   b - Slow                           Hexes                        2
   c - Gell's Gravitas                Hexes/Translocation          3
   d - Inner Flame                    Hexes/Fire                   3
   e - Cause Fear                     Hexes                        4
   f - Leda's Liquefaction            Hexes/Earth                  4
Comestibles
 d - a bread ration


   Skills:
 + Level 1.5 Fighting
 * Level 2.2 Crossbows
 + Level 1.8 Dodging
 - Level 1.0 Spellcasting
 - Level 2.6 Hexes


You had 2 spell levels left.
You knew the following spells:

 Your Spells              Type           Power        Failure   Level  Hunger
a - Corona                Hex            #......      12%         1    ##.....


Dungeon Overview and Level Annotations

Branches:
Dungeon (1/15)

Altars:


Innate Abilities, Weirdness & Mutations

Your plain brown scales are hard (AC +4).
Your body does not fit into most forms of armour.
You are cold-blooded and may be slowed by cold attacks.


Message History

Press: ? - help, Shift-Dir - straight line, f - gnoll
Aim: a gnoll, wielding a club You shoot a bolt.
The bolt barely misses the gnoll.
The gnoll barely misses you.
Firing (i - inventory):
c - 42 bolts (quivered)
Press: ? - help, Shift-Dir - straight line, f/p - gnoll
Aim: a gnoll, wielding a club You shoot a bolt.
The bolt closely misses the gnoll.
The gnoll barely misses you.
Firing (i - inventory):
c - 41 bolts (quivered)
Press: ? - help, Shift-Dir - straight line, f/p - gnoll
Aim: a gnoll, wielding a club You shoot a bolt.
The bolt closely misses the gnoll.
The gnoll hits you but does no damage.
Firing (i - inventory):
c - 40 bolts (quivered)
Press: ? - help, Shift-Dir - straight line, f/p - gnoll
Aim: a gnoll, wielding a club You shoot a bolt.
The bolt barely misses the gnoll.
The gnoll hits you with a club!
You die...

..........#
#..#
#########
..........#
##.##
###.#######
#..# #.#
##.## #..
#..# ####
##.## #..#
#.## #@#
#g# ##.#
#.. #.(#
#.. #.##
#.. #.# #..
#.# #..##.#
#..#..#


You could see a gnoll.

Vanquished Creatures
  A ball python (D:1)
  A giant cockroach (D:1)
  2 goblins (D:1)
  A kobold (D:1)
  2 bats (D:1)
  A giant newt (D:1)
  2 rats (D:1)
10 creatures vanquished.

Notes
Turn   | Place    | Note
--------------------------------------------------------------
     0 | D:1      | namelastname112 the Draconian Arcane Marksman began the quest for the Orb.
     0 | D:1      | Reached XP level 1. HP: 16/16 MP: 2/2
   316 | D:1      | Reached XP level 2. HP: 23/23 MP: 3/3
   437 | D:1      | Slain by a gnoll

Vault maps used:
D:1:      co_arrival_random_square_maze, hangedman_decor_push, bh_walls_and_bars

Skill      XL: |  1 |
---------------+----+-----
Crossbows      | 2 |  2.2
Fighting       | |  1.5
Dodging        | |  1.8
Spellcasting   | |  1.0
Hexes          | |  2.6

Action                   || total
-------------------------++-------
Melee: Dagger            ||    44
       Tailslap          ||     5
 Fire: Hand crossbow     ||     6
Armor: Skin              ||    16
Dodge: Dodged            ||    29
